 Dungeon Crawl Stone Soup version 0.30.0-10-gfe55d96785 (webtiles) character file.

Game seed: 11809716232693709388

5 RascalDebosk the Magician (level 1, -1/18 HPs)
             Began as a Djinni Warper on May 14, 2023.
             Slain by a goblin
             ... wielding a +0 club
              (4 damage)
             ... on level 1 of the Dungeon.
             The game lasted 00:01:42 (229 turns).

RascalDebosk the Magician (Djinni Warper)            Turns: 229, Time: 00:01:43

Health: -1/18      AC:  3    Str: 10    XL:     1   Next: 88%
Gold:   19         EV: 11    Int: 14    God:
                   SH:  0    Dex: 12

rFire   + + .        a - +0 falchion
rCold   x . .        (no shield)
rNeg    . . .        b - +0 leather armour
rPois   ∞            (no helmet)
rElec   .            (no cloak)
rCorr   .            (no gloves)
SInv    .            (boots unavailable)
Will    .....        e - amulet of the acrobat
Stlth   +            (no ring)
HPRegen 0.23/turn    (no ring)
MPRegen 0.00/turn

%: acrobat, infuse magic (-2 HP)
@: flying
A: sickness immunity, fire resistance 2, cold vulnerability 1, float, innate
caster, HP casting, extra vitality 1
a: no special abilities


You were on level 1 of the Dungeon.
You visited 1 branch of the dungeon, and saw 1 of its levels.

You collected 19 gold pieces.

Inventory:

Hand Weapons
 a - a +0 falchion (weapon)
Missiles
 d - 7 boomerangs of dispersal (quivered)
Armour
 b - a +0 leather armour (worn)
Jewellery
 e - an amulet of the acrobat (around neck)
Scrolls
 c - a scroll of teleportation {unknown}
 g - a scroll of blinking


   Skills:
 - Level 2.0 Fighting
 - Level 1.7 Long Blades
 - Level 0.7 Throwing
 - Level 1.0 Armour
 - Level 2.1 Dodging
 * Level 2.7 Spellcasting


You knew the following spells:

 Your Spells              Type           Power      Damage    Failure   Level
a - Blink                 Tloc           18%        N/A       16%         2
b - Lesser Beckoning      Tloc           18%        N/A       16%         2
c - Vhi's Electric Charg  Tloc/Air       18%        N/A       30%         3
d - Teleport Other        Tloc           9%         N/A       30%         3
e - Manifold Assault      Tloc           9%         N/A       69%         4
Your spell library was empty.

Dungeon Overview and Level Annotations

Branches:
Dungeon (1/15)

Altars:


Innate Abilities, Weirdness & Mutations

You are immune to sickness and miasma.
You are immune to poison.
Your flesh is very heat resistant. (rF++)
You are vulnerable to cold. (rC-)
You float through the air rather than walking.
You learn spells naturally, not from books.
Your magical power is your life essence.
You have superior vitality. (+4 MHP)


Message History

The hobgoblin misses you.
You hit the hobgoblin.
The hobgoblin is severely wounded.
A ball python comes into view.
The hobgoblin closely misses you.
The ball python hisses angrily.
You hit the hobgoblin.
You kill the hobgoblin!
You hit the ball python.
The ball python is severely wounded.
The ball python bites you. The ball python grabs you.
The ball python constricts you.
You barely miss the ball python.
The ball python is severely wounded.
The ball python bites you but does no damage.
The ball python constricts you. The ball python barely misses you.
The ball python constricts you.
You hit the ball python.
You kill the ball python!
Found a scroll labelled JIVAGO QICSEI.
Found 8 gold pieces.
Found a stone staircase leading down.
Found a small cabochon amulet.
c - a scroll labelled JIVAGO QICSEI You now have 8 gold pieces.
A rat comes into view.
Found 11 gold pieces.
You hit the rat but do no damage. The rat misses you.
You barely miss the rat. The rat barely misses you.
You barely miss the rat. The rat closely misses you.
You barely miss the rat. The rat closely misses you.
The rat bites you but does no damage.
You completely miss the rat. The rat bites you but does no damage.
You closely miss the rat. You punch the rat.
You kill the rat!
e - an amulet of the acrobat You start putting on your amulet.
You continue putting on your amulet of the acrobat. x5
You finish putting on your amulet of the acrobat.
You feel ready to tumble and roll out of harm's way.
e - an amulet of the acrobat (around neck)
You now have 19 gold pieces (gained 11).
A ball python comes into view.
A bat comes into view.
The ball python misses you. The ball python grabs you.
The ball python constricts you.
You escape the ball python's grasp.
You hit the bat but do no damage. The bat hits you but does no damage.
The ball python barely misses you. The ball python misses you.
You barely miss the ball python. The bat completely misses you.
The ball python barely misses you. The ball python grabs you.
The ball python constricts you.
You barely miss the ball python. Your punch misses the ball python.
The bat barely misses you. The ball python closely misses you.
The ball python constricts you. The bat hits you but does no damage.
The ball python barely misses you. The ball python constricts you.
You closely miss the ball python. The bat barely misses you.
The ball python bites you. The ball python constricts you.
You closely miss the ball python. The bat hits you but does no damage.
The ball python barely misses you. The ball python constricts you.
The ball python bites you. The ball python constricts you.
You closely miss the ball python. The bat hits you but does no damage.
The bat hits you.
The ball python bites you but does no damage.
The ball python constricts you. The ball python closely misses you.
The ball python constricts you.
* * * LOW HITPOINT WARNING * * *
You slash the ball python!
You kill the ball python!
The bat hits you but does no damage.
You see here a ball python corpse.
You closely miss the bat. The bat barely misses you.
The bat hits you but does no damage.
You hit the bat.
You kill the bat!
You start resting.
HP restored.
You start waiting.
Done waiting.
An endoplasm comes into view.
A goblin comes into view. It is wielding a +0 club.
The endoplasm quivers.
The goblin shouts!
A hobgoblin comes into view.
You hit the endoplasm.
The endoplasm is almost dead.
The endoplasm freezes you.
You are frozen.
You feel a terrible chill!
A ball python comes into view.
The endoplasm freezes you.
You are frozen!
You feel a terrible chill!
* * * LOW HITPOINT WARNING * * *
The goblin hits you with a +0 club.
* * * LOW HITPOINT WARNING * * *
The ball python hisses angrily.
You hit the endoplasm.
You kill the endoplasm!
The goblin hits you with a +0 club.
* * * LOW HITPOINT WARNING * * *
You closely miss the goblin. The goblin hits you with a +0 club.
You die...

##.....##......# #
##..............##
#................#
#................# #
#................#..
#..................#
#................###
#................#
##..........@....#
##.....#..gg....#
########..........
#....#..S...
#..........#
#....###.#.# #....#
.. # .....# #.


You could see a hobgoblin, a goblin and a ball python.

Vanquished Creatures
  An endoplasm (D:1)
  A hobgoblin (D:1)
  2 ball pythons (D:1)
  A bat (D:1)
  A rat (D:1)
6 creatures vanquished.

Notes
Turn   | Place    | Note
-------+----------+-------------------------------------------
     0 | D:1      | RascalDebosk the Djinni Warper began the quest for the Orb.
     0 | D:1      | RascalDebosk set off with the following spells memorised:
                  | Blink, Lesser Beckoning, Vhi's Electric Charge, Teleport
                  | Other, Manifold Assault.
     0 | D:1      | Reached XP level 1. HP: 18/18 MP: 0/0
   229 | D:1      | Slain by a goblin

Illustrated notes

Levels and vault maps discovered:
D:1:      heliophobic_arrival_battle_scene, layout_rooms, minmay_pentomino_v4

Action                     || total
---------------------------++-------
  Melee: Falchion          ||    23
         Punch             ||     1
 Armour: Leather armour    ||    10
  Dodge: Dodged            ||    19
